 Dungeon Crawl Stone Soup version 0.29.1-15-g9cfb28693d (webtiles) character file.

Game seed: 9618795616897594752

134 Heoruswealwe the Caller (level 4, 0/24 HPs)
             Began as a Deep Elf Summoner on Mar 13, 2023.
             Slain by an ogre
             ... wielding a +0 giant club
              (24 damage)
             ... on level 4 of the Dungeon.
             The game lasted 00:37:32 (3267 turns).

Heoruswealwe the Caller (Deep Elf Summoner)         Turns: 3267, Time: 00:37:33

Health: 0/24       AC:  3    Str:  5    XL:     4   Next: 95%
Magic:  13/13      EV: 12    Int: 22    God:
Gold:   177        SH:  0    Dex: 15    Spells: 9/13 levels left

rFire   . . .      SeeInvis .   n - +1 dagger (speed)
rCold   . . .      Faith    .   (no shield)
rNeg    . . .      Spirit   .   f - +0 animal skin
rPois   .          Reflect  .   o - +0 helmet
rElec   .          Harm     .   (no cloak)
rCorr   .          Rampage  .   (no gloves)
Will    .....                   (no boots)
Stlth   ++........              (no amulet)
HPRegen 0.08/turn               (no ring)
MPRegen 0.13/turn               (no ring)

@: no status effects
A: no striking features
a: no special abilities


You were on level 4 of the Dungeon.
You visited 1 branch of the dungeon, and saw 4 of its levels.

You collected 177 gold pieces.

Inventory:

Hand Weapons
 n - a +1 dagger of speed (weapon)
 q - a +2 war axe of holy wrath
Armour
 f - a +0 animal skin (worn)
 o - a +0 helmet (worn)
Scrolls
 d - a scroll of amnesia {unknown}
 h - a scroll of torment {unknown}
 i - 3 scrolls of fog {unknown}
 l - a scroll of teleportation {unknown}
 m - 2 scrolls of noise {unknown}
 r - a scroll of blinking {unknown}
 t - a scroll of vulnerability {unknown}
Potions
 a - a potion of heal wounds {unknown}
 b - 2 potions of magic
 c - a potion of might
 e - 3 potions of haste
 g - a potion of flight {unknown}
 j - 2 potions of attraction {unknown}
 k - 2 potions of brilliance
 p - a potion of resistance {unknown}
 s - a potion of curing {unknown}
 u - a potion of berserk rage {unknown}


   Skills:
 - Level 2.4 Dodging
 - Level 2.4 Stealth
 + Level 5.3 Spellcasting
 + Level 5.8 Summonings


You had 9 spell levels left.
You knew the following spells:

 Your Spells              Type           Power      Damage    Failure   Level
a - Summon Small Mammal   Summ           100%       N/A       1%          1
b - Call Canine Familiar  Summ           31%        N/A       2%          3

Your spell library contained the following spells:

 Spells                   Type           Power      Damage    Failure   Level
 Call Imp                 Summ           31%        N/A       1%          2
 Summon Guardian Golem    Hex/Summ       18%        N/A       9%          3
 Summon Lightning Spire   Summ/Air       18%        N/A       28%         4


Dungeon Overview and Level Annotations

Branches:
Dungeon (4/15)             Temple (0/1) D:4

Altars:


Message History

A quokka comes into view.
You see here 6 gold pieces.
You hear the slow rusting of a drain very nearby.
You now have 161 gold pieces (gained 6).
The quokka misses your hound.
Your hound misses the quokka. The quokka bites your hound.
Your hound closely misses the quokka.
The quokka barely misses your hound.
Your hound bites the quokka.
The quokka misses your hound.
Your hound bites the quokka but does no damage.
Your hound misses the quokka.
The quokka completely misses your hound.
Your hound bites the quokka.
The quokka dies!
Found a scroll labelled XALIPR QOL NIB.
Found a staircase to the Ecumenical Temple.
You swap places.
t - a scroll labelled XALIPR QOL NIB
Found a halberd.
You see here a +0 halberd.
Found 16 gold pieces and a viscous red potion.
You now have 177 gold pieces (gained 16).
You swap places.
Found a stone staircase leading down.
An endoplasm and an ogre come into view.
You see here a viscous red potion.
u - a viscous red potion You swap places.
You swap places.
The ogre shouts!
You hear a bark!
You swap places.
Your hound bites the ogre.
Your hound bites the ogre.
Your hound bites the ogre.
The endoplasm barely misses your hound.
You hit the ogre.
The ogre is heavily wounded.
Your hound bites the ogre.
The ogre hits you with a +0 giant club!!
Ouch! That really hurt!
You die...

#### #..# #..# #..#
#J.# #..#
############..#####
#.......@OhJ...>....
#....##.####.##.####
####.#.).# #.# ..
#.#...# #.# ###
#.#...# #.##.#
#.#...###....
#.##.......#
#.###...##.#.#
+....#.#.##


You could see an ogre (ally target), an endoplasm and a friendly hound
(summoned).

Vanquished Creatures
  2 adders
  An orc (D:2)
  A giant cockroach (D:1)
  3 goblins (D:2)
  A hobgoblin (D:2)
  3 bats
  A frilled lizard (D:1)
12 creatures vanquished.

Vanquished Creatures (collateral kills)
  Robin (D:2)
  2 adders (D:2)
  A worm (D:2)
  A dart slug (D:1)
  6 orcs
  3 endoplasms
  3 giant cockroaches
  11 goblins
  6 hobgoblins
  2 jackals (D:1)
  3 kobolds
  A quokka (D:4)
  5 ball pythons
  3 bats
  8 frilled lizards
  4 rats
60 creatures vanquished.

Grand Total: 72 creatures vanquished

Notes
Turn   | Place    | Note
-------+----------+-------------------------------------------
     0 | D:1      | Heoruswealwe the Deep Elf Summoner began the quest for the
                  | Orb.
     0 | D:1      | Reached XP level 1. HP: 10/10 MP: 6/6
   361 | D:1      | Reached XP level 2. HP: 15/15 MP: 4/8
  1549 | D:2      | Reached skill level 5 in Summonings
  1549 | D:2      | Reached XP level 3. HP: 15/19 MP: 7/10
  1553 | D:2      | Learned a level 3 spell: Call Canine Familiar
  2034 | D:2      | Noticed Robin
  2054 | D:2      | Reached XP level 4. HP: 24/24 MP: 8/12
  2124 | D:2      | Killed Robin
  2149 | D:2      | Reached skill level 5 in Spellcasting
  3135 | D:3      | Gained mutation: Your magical capacity is low. (-10% MP)
                  | [potion of mutation]
  3135 | D:3      | Lost mutation: Your magical capacity is low. (-10% MP)
                  | [potion of mutation]
  3224 | D:4      | Found a staircase to the Ecumenical Temple.
  3257 | D:4      | Noticed an ogre
  3267 | D:4      | Slain by an ogre

Illustrated notes

Levels and vault maps discovered:
D:1:      onia_arrival_mini_spirals, layout_basic, serial_rivers,
          chequers_serial_rivers_small_3, chequers_serial_rivers_room_a,
          chequers_serial_rivers_room_a, chequers_serial_rivers_micro_d
D:2:      layout_basic, serial_curves, eino_curves_03, eino_curves_03,
          eino_curves_03, eino_curves_04, uniq_robin
D:3:      layout_basic, serial_glass, glass_columns_c, glass_columns_a
D:4:      layout_basic, minmay_temple_entry_glass, gup_sewer_entry_bubbles,
          uniq_crazy_yiuf_cottage, uniq_natasha

Skill      XL: |  1  2  3  4 |
---------------+-------------+-----
Spellcasting   | 4 5 |  5.3
Summonings     | 5 |  5.8
Dodging        | |  2.4
Stealth        | |  2.4

Action                   |  1- 3 |  4- 6 || total
-------------------------+-------+-------++-------
Melee: Club              |     2 |       ||     2
       Dagger            |    17 |    35 ||    52
       Punch             |     1 |       ||     1
 Cast: Summon Small Mamm |    32 |       ||    32
       Call Canine Famil |     4 |     8 ||    12
  Use: Scroll            |       |     4 ||     4
       Potion            |       |     1 ||     1
 Stab: Sleeping          |       |     1 ||     1
Armor: Robe              |     9 |     1 ||    10
       Animal skin       |       |     9 ||     9
Dodge: Dodged            |    19 |    27 ||    46
